 Dungeon Crawl Stone Soup version 0.29-a0-330-g52719c12eb (webtiles) character file.

Game seed: 18270737397550910891

15 kae the Firebug (level 2, -4/18 HPs)
             Began as an Octopode Fire Elementalist on Apr 18, 2022.
             Slain by a goblin
             ... wielding a +0 club
              (5 damage)
             ... on level 1 of the Dungeon.
             The game lasted 00:00:16 (846 turns).

kae the Firebug (Octopode Fire Elementalist)         Turns: 846, Time: 00:00:17

Health: -4/18      AC:  1    Str:  7    XL:     2   Next: 50%
Magic:  0/5        EV: 13    Int: 17    God:
Gold:   31         SH:  0    Dex: 12    Spells: 4/5 levels left

rFire   . . .      SeeInvis .   f - +0 short sword
rCold   . . .      Faith    .   (no shield)
rNeg    . . .      Spirit   .   (helmet restricted)
rPois   .          Reflect  .   (no amulet)
rElec   .          Harm     .   (no ring)
rCorr   .          Rampage  .   (no ring)
Will    .....                   (no ring)
Stlth   +++.......              (no ring)
HPRegen 0.06/turn               (no ring)
MPRegen 0.09/turn               (no ring)
                                (no ring)
                                (no ring)

@: no status effects
A: almost no armour, amphibious, 8 rings, camouflage 1, gelatinous body 1,
(nimble swimmer 1), tentacles
a: no special abilities


You were on level 1 of the Dungeon.
You visited 1 branch of the dungeon, and saw 1 of its levels.

You collected 31 gold pieces.

Inventory:

Hand Weapons
 f - a +0 short sword (weapon)
Scrolls
 b - a scroll of noise {unknown}
 c - a scroll of identify {unknown}
 d - a scroll of enchant weapon {unknown}
Potions
 a - a potion of magic
 e - a potion of brilliance {unknown}


   Skills:
 + Level 0.4 Fighting
 + Level 2.1 Dodging
 + Level 2.9 Stealth
 + Level 2.0 Spellcasting
 + Level 1.2 Conjurations
 * Level 3.3 Fire Magic


You had 4 spell levels left.
You knew the following spells:

 Your Spells              Type           Power      Damage    Failure   Level
a - Foxfire               Conj/Fire      36%        2x1d5     8%          1

Your spell library contained the following spells:

 Spells                   Type           Power      Damage    Failure   Level
 Scorch                   Fire           26%        2d6       8%          2
 Conjure Flame            Conj/Fire      9%         6-21      22%         3
 Inner Flame              Hex/Fire       7%         N/A       28%         3
 Flame Wave               Conj/Fire      9%         2d5       58%         4


Dungeon Overview and Level Annotations

Branches:
Dungeon (1/15)

Altars:


Innate Abilities, Weirdness & Mutations

You cannot wear most types of armour.
You are amphibious.
You can wear up to eight rings at the same time.
Your skin changes colour to match your surroundings (Stealth+).
Your rubbery body absorbs attacks. (AC +1, EV +1)
((You are camouflaged when in or above water. (Stealth+)))
You have tentacles for arms and can constrict up to eight enemies at once.


Message History

Confirm with . or Enter, or press ? or * to list all spells.
You conjure some foxfire!
A jackal comes into view.
The jackal bites you. The jackal closely misses you.
The jackal barely misses you.
The foxfire hits the jackal.
The jackal is severely wounded.
The foxfire hits the jackal.
The jackal is almost dead.
The jackal closely misses you. The jackal barely misses you.
There are monsters nearby!
You barely miss the jackal. You grab the jackal.
The jackal is almost dead.
You constrict the jackal, but do no damage.
The jackal bites you. The jackal barely misses you. The jackal bites you.
The goblin hits you with a +0 club.
You are too injured to fight recklessly!
There are monsters nearby!
Casting: Foxfire (safe; 8% risk of failure)
Confirm with . or Enter, or press ? or * to list all spells.
You conjure some foxfire!
You constrict the jackal.
You kill the jackal!
The jackal bites you but does no damage.
The jackal bites you. The goblin hits you with a +0 club.
* * * LOW HITPOINT WARNING * * *
The jackal closely misses you. The jackal misses you.
The foxfire hits the rat.
You kill the rat!
The foxfire hits the jackal.
The jackal is severely wounded.
The goblin hits you with a +0 club.
* * * LOW HITPOINT WARNING * * *
The jackal completely misses you.
You are too injured to fight recklessly!
You are too injured to fight recklessly!
There are monsters nearby!
Casting: Foxfire (safe; 8% risk of failure)
Confirm with . or Enter, or press ? or * to list all spells.
You conjure some foxfire!
The jackal misses you. The goblin hits you with a +0 club.
You die...

#.. ###### ##..
...... #
#..###...###
#.##..#G#...#G# .
.....###...###..
#......†......
##....v.g......
#.....v@hr.....
##..###†h.###.# #
##.#G#.h.#G# #
#.###...###
#########
#...).....
##......#
##'##.######
##.####.###.....#
##.# #.##.....##
##.####.#.......##


You could see 2 eyes of devastation, 2 floating eyes, a quokka, 3 jackals and a
goblin (ally target).

Vanquished Creatures
  A dart slug (D:1)
  2 ball pythons (D:1)
  An endoplasm (D:1)
  A goblin (D:1)
  2 hobgoblins (D:1)
  A jackal (D:1)
  A frilled lizard (D:1)
  A kobold (D:1)
  3 rats (D:1)
13 creatures vanquished.

Vanquished Creatures (others)
  25 foxfires (D:1)
25 creatures vanquished.

Grand Total: 38 creatures vanquished

Notes
Turn   | Place    | Note
-------+----------+-------------------------------------------
     0 | D:1      | kae the Octopode Fire Elementalist began the quest for the
                  | Orb.
     0 | D:1      | Reached XP level 1. HP: 11/11 MP: 3/3
   422 | D:1      | Reached XP level 2. HP: 17/17 MP: 0/5
   815 | D:1      | Noticed an eye of devastation
   817 | D:1      | Found a faded altar of an unknown god.
   831 | D:1      | Noticed an eye of devastation
   831 | D:1      | Noticed a floating eye
   831 | D:1      | Noticed a floating eye
   846 | D:1      | Slain by a goblin

Illustrated notes

Levels and vault maps discovered:
D:1:      lightli_arrival_boilingwater, layout_loops_corners,
          hellmonk_ecumenical_altar_watching_god, serial_bayou_lake_a

Action                   || total
-------------------------++-------
Melee: Unarmed           ||    16
       Tentacles         ||     6
       Constrict         ||     5
       Short sword       ||     3
       Punch             ||     1
 Cast: Foxfire           ||    19
 Stab: Sleeping          ||     1
Armor: Skin              ||     1
Dodge: Dodged            ||    20

Table legend: (Time is in decaauts)
 A = Elapsed time spent in this place.
 B = Non-inter-level travel time spent in this place.
 C = Inter-level travel time spent in this place.
 D = Time resting spent in this place.
 E = Time spent auto-exploring this place.
 F = Levels seen in this place.
 G = Mean time per level.
                   A        B        C        D        E       F      G
               +--------+--------+--------+--------+--------+-----+--------+
         Total |    845 |    845 |      0 |      0 |    749 |   1 |  845.0 |
       Dungeon |    845 |    845 |      0 |      0 |    749 |   1 |  845.0 |
               +--------+--------+--------+--------+--------+-----+--------+

Top non-repeatable levels by time:
     D:1: 845 daAuts
